Unix NetHack Version 5.0.0-0 post-release - last build Jun 10 2026 00:39:30 (3ee93aec679c4c4259841fe613dc97188e26a321,branch:main).

Game began 2026-06-13 02:32:53, ended 2026-06-13 02:45:32.

Brudee, chaotic female human Rogue

                              -----
      ----------              |...|         -----
      |.....(...######      ##....|         |.%%|         -------------
      |........|     #########|...| ###)d@u#-...|         |...........|
      |.........#           ##|....##       |..!|       ##............|
      -----.----##         ###|...|         -----         |...........|
           #     #         #  -----                      #-..{.......>|
           ###   #         #                             #|...........|
             #   ##        #                             #-------------
             #    #        #                           ###
             #    ##-------#       -----               #
             #     #|......#      #-<+.|               #
      -------|-   ##......|       #|...|              ##
      |....>..|   # |.....|      ##|d..|       ########
      |..(....|#### |......####### |...|     ###
      |........#    |.....|        |....######
      ---------     -------        -----

Brudee the Cutpurse     St:12 Dx:18 Co:17 In:10 Wi:8 Ch:10  Chaotic S:848
Dlvl:4  $:56 HP:0(34) Pw:17(17) AC:6  Xp:4/123 T:1844  Burdened

Latest messages:
 You miss the rock mole.
 In what direction? h
 You throw 2 daggers.
 The 1st dagger hits the rock mole.
 The 2nd dagger hits the rock mole.
 The rock mole bites!
 In what direction? h
 The dagger misses the rock mole.
 You hit the rock mole.
 The rock mole bites!
 You have no ammunition readied.
 What do you want to fire? [$atFH or ?*] <space>
 Never mind.
 You have no ammunition readied.
 What do you want to fire? [$atFH or ?*] <space>
 Never mind.
 You have no ammunition readied.
 What do you want to fire? [$atFH or ?*] <space>
 Never mind.
 You hit the rock mole.
 The rock mole bites!
 You stop.  Your pony is in the way!
 What do you want to zap? [zQ or ?*] ?
 In what direction? h
 The rock mole turns into a gargoyle!
 You hear someone cursing shoplifters.
 The gargoyle hits!
 The gargoyle hits again!
 The gargoyle bites!
 What do you want to zap? [zQ or ?*] z
 In what direction? h
 The gargoyle turns into a newt!
 You kill the newt!
 You hit the coyote.
 The coyote misses!
 The coyote bites!
 You have no ammunition readied.
 What do you want to fire? [$atFH or ?*] ?
 You ready: t - 2 spears.
 In what direction? h
 The spear misses the coyote.
 The coyote bites!
 You hit the coyote.
 The coyote bites!
 You miss the coyote.
 The coyote bites!
 The coyote bites!
 You die...
 Do you want your possessions identified? [ynq] (y) y
 Do you want to see your attributes? [ynq] (y) q

Inventory:
 Coins    ('$')
  $ - 56 gold pieces
 Amulets  ('"')
  R - a cursed amulet of restful sleep
 Weapons  (')')
  b - a +0 dagger (weapon in right hand)
  F - a +0 knife
  t - a +0 spear (at the ready)
  H - a +0 flail
  a - a +0 short sword (alternate weapon; not wielded)
 Armor    ('[')
  m - an uncursed +0 orcish helm (being worn)
  J - an uncursed +0 orcish helm
  c - an uncursed +1 leather armor (being worn)
 Comestibles  ('%')
  s - 2 uncursed carrots
  w - an uncursed clove of garlic
  T - 5 uncursed food rations
  l - an uncursed sprig of wolfsbane
  v - an uncursed tripe ration
  o - a cursed tripe ration
  n - an uncursed tin of deep fried lichen
  p - an uncursed egg
 Scrolls  ('?')
  x - an uncursed scroll of amnesia
  G - a cursed scroll of destroy armor
  I - a cursed scroll of enchant weapon
  h - an uncursed scroll of identify
 Spellbooks  ('+')
  W - an uncursed spellbook of healing
  y - an uncursed spellbook of restore ability
 Potions  ('!')
  B - a cursed potion of confusion
  Y - 2 uncursed potions of fruit juice
  g - 3 uncursed potions of healing
  S - an uncursed potion of invisibility
  Z - an uncursed potion of monster detection
  D - an uncursed potion of paralysis
  d - an uncursed potion of sickness
  r - 3 uncursed potions of water
 Rings    ('=')
  X - a cursed ring of sustain ability
 Wands    ('/')
  Q - a wand of nothing (0:7)
  z - a wand of polymorph (0:5)
 Tools    ('(')
  f - an empty uncursed sack
  e - an uncursed lock pick
  O - an uncursed magic whistle
 Gems/Stones  ('*')
  i - an uncursed citrine stone
  E - an uncursed garnet stone
  A - 2 uncursed worthless pieces of green glass
  j - an uncursed touchstone

Brudee the Rogue's attributes:

Background:
 You were a Cutpurse, a level 4 female human Rogue.
 You were chaotic, nominally on a mission for Kos
 who was opposed by Issek (lawful) and Mog (neutral).
 You were right-handed.
 You were in the Dungeons of Doom, on level 4.
 You entered the dungeon 1844 turns ago.
 It was nighttime.
 You had 123 experience points, 37 more were needed to attain level 5.
 Your score was 848 before end-of-game adjustments.

Basics:
 You had 0 out of 34 hit points.
 You had all 17 energy points (spell power).
 Your armor class was 6.
 Your wallet contained 56 zorkmids.
 Autopickup was on for '$!=+?/"' plus thrown.

Final Characteristics:
 Your strength was 12 (limit:18/100).
 Your dexterity was 18 (limit:18).
 Your constitution was 17 (limit:18).
 Your intelligence was 10 (limit:18).
 Your wisdom was 8 (limit:18).
 Your charisma was 10 (limit:18).

Final Status:
 You weren't hungry.
 You were burdened; movement was slightly slowed.
 You were wielding a dagger.
 You had basic skill with dagger.

Final Attributes:
 You were devoutly aligned.
 You were cold resistant.
 You were stealthy.
 You were warded.
 You are dead.

Miscellaneous:
 You didn't encounter any bones levels.
 Total elapsed playing time was 12 minutes and 38 seconds.

Major events:
 Turn
    1: Brudee the chaotic female human Rogue entered the dungeon
  901: attained the rank of Cutpurse (level 3)
 1530: entered the Gnomish Mines
 1844: killed by a coyote

Spells:
 Name                 Level Category     Fail Retention
 light                  1   divination    72%  76%-100%

Skills:
 Fighting Skills
   bare handed combat [Unskilled]
   two weapon combat  [Unskilled]
   riding             [Unskilled]
 Weapon Skills
   dagger             [Basic]
   knife              [Unskilled]
   short sword        [Basic]
   broadsword         [Unskilled]
   long sword         [Unskilled]
   two-handed sword   [Unskilled]
   saber              [Unskilled]
   club               [Unskilled]
   mace               [Unskilled]
   morning star       [Unskilled]
   flail              [Unskilled]
   hammer             [Unskilled]
   polearms           [Unskilled]
   spear              [Unskilled]
   crossbow           [Unskilled]
   dart               [Unskilled]
   shuriken           [Unskilled]
 Spellcasting Skills
   divination spells  [Unskilled]
   escape spells      [Unskilled]
   matter spells      [Unskilled]

Voluntary challenges:
 Character rerolling was not enabled.
 You were an atheist.
 You never genocided any monsters.
 You never changed form.
 You used no wishes.
Achievements:
 You entered a shop.
 You attained the rank of Cutpurse.
 You entered the Gnomish Mines.

 The Dungeons of Doom: levels 1 to 7
    Level 1:
    Level 2:
       A general store, some fountains.
    Level 3:
       A fountain.
    Level 4: <- You were here.
       A vegetarian food shop, a fountain.
       Stairs down to The Gnomish Mines.
       Final resting place for
          you, killed by a coyote.
    Level 5:
       A fountain.
    Level 6:
       A fountain.
    Level 7:
 The Gnomish Mines:
    Level 5:


Vanquished creatures:
  2 gray oozes
  a rothe
  a giant bat
  2 orc zombies
  a hobbit
  a yellow mold
  a gnome
  2 geckos
  5 jackals
  a kobold
  2 goblins
  a sewer rat
  4 grid bugs
  2 bats
  4 lichens
  6 newts
36 creatures vanquished.

No species were genocided or became extinct.

Game over:
                       ----------
                      /          \
                     /    REST    \
                    /      IN      \
                   /     PEACE      \
                  /                  \
                  |      Brudee      |
                  |      56 Au       |
                  |   killed by a    |
                  |      coyote      |
                  |                  |
                  |                  |
                  |       2026       |
                 *|     *  *  *      | *
        _________)/\\_//(\/(/\)/\//\/|_)_______

Goodbye Brudee the Rogue...

You died in The Dungeons of Doom on dungeon level 4 with 843 points,
and 56 pieces of gold, after 1844 moves.
You were level 4 with a maximum of 34 hit points when you died.

